 Dungeon Crawl Stone Soup version 0.30.1-11-g7821555f0a (webtiles) character file.

Game seed: 2607698111433872260

620 Okkudo the Cleaver (level 7, -3/52 (57) HPs)
             Began as a Hill Orc Monk on Dec 4, 2023.
             Slain by a wight
             ... wielding a +3 flail
              (6 damage)
             ... on level 5 of the Dungeon.
             The game lasted 00:17:28 (4409 turns).

Okkudo the Cleaver (Hill Orc Monk)                  Turns: 4409, Time: 00:17:29

HP:   -3/52 (57)    AC: 10    Str: 16    XL:     7   Next: 46%
MP:   7/7           EV: 10    Int: 10    God:
Gold: 369           SH:  0    Dex: 19    Spells: 6/6 levels left

rFire   + . .        a - +0 hand axe
rCold   . . .        u - +0 kite shield
rNeg    . . .        w - +3 leather armour {rF+}
rPois   .            p - +1 hat
rElec   .            G - +1 cloak
rCorr   +            y - +0 pair of gloves
SInv    .            (no boots)
Will    .....        (no amulet)
Stlth   +            g - ring of resist corrosion
HPRegen 0.28/turn    l - +6 ring of dexterity
MPRegen 0.10/turn

%: no passive effects
@: confused, ambrosia-drunk, drained
A: no striking features
a: no special abilities


You were on level 5 of the Dungeon.
You visited 1 branch of the dungeon, and saw 6 of its levels.

You collected 369 gold pieces.

Inventory:

Hand Weapons
 a - a +0 hand axe (weapon)
Missiles
 e - 6 poisoned darts (quivered)
 M - a throwing net
Armour
 p - a +1 hat (worn)
 u - a +0 kite shield (worn)
 w - a +3 leather armour of fire resistance (worn)
 y - a +0 pair of gloves (worn)
 C - a +0 kite shield
 G - a +1 cloak (worn)
Jewellery
 g - a ring of resist corrosion (left hand)
 l - a +6 ring of dexterity (right hand)
 t - a ring of protection from fire
 I - an amulet of reflection
Wands
 x - a wand of flame (41)
 E - a wand of iceblast (10)
Scrolls
 d - a scroll of summoning
 k - 2 scrolls of noise
 n - a scroll of magic mapping
 o - a scroll of fear
 r - a scroll of identify
 s - a scroll of amnesia {unknown}
 A - 2 scrolls of teleportation
 F - a scroll of enchant weapon {unknown}
 L - a scroll of brand weapon {unknown}
Potions
 b - 2 potions of invisibility {unknown}
 f - 4 potions of mutation {unknown}
 h - 2 potions of haste {unknown}
 i - 3 potions of degeneration {unknown}
 j - a potion of flight {unknown}
 m - 4 potions of lignification
 q - 3 potions of berserk rage {unknown}
 v - 3 potions of curing {unknown}
 z - a potion of brilliance {unknown}
 B - 2 potions of magic {unknown}
 D - a potion of might {unknown}
 H - a potion of resistance {unknown}
 J - a potion of heal wounds {unknown}
 K - a potion of attraction {unknown}


   Skills:
 - Level 3.6 Fighting
 * Level 11.0 Axes
 - Level 2.4 Dodging


You had 6 spell levels left.
You didn't know any spells.
Your spell library contained the following spells:

 Spells                   Type           Power      Damage    Failure   Level
 Inner Flame              Hex/Fire       0%         N/A       99%         3
 Yara's Violent Unravell  Hex/Tmut       0%         3d3       100%        5
 Enfeeble                 Hex            0%         N/A       100%        7


Dungeon Overview and Level Annotations

Branches:
Dungeon (6/15)
 Temple: D:4-7

Altars:
Cheibriados
Ru
Xom
The Shining One


Message History

The wight completely misses you.
You hit the wight.
The wight is almost destroyed.
The wight hits you but does no damage.
You hit the wight.
You destroy the wight!
Your Axes skill increases to level 11!
You hit the wight.
The wight is lightly damaged.
You block the wight's attack.
You hit the wight.
The wight is heavily damaged.
The wight hits you with a +3 flail!
* * * LOW HITPOINT WARNING * * *
You feel drained.
* * * LOW HITPOINT WARNING * * *
You hit the wight but do no damage.
The wight is heavily damaged.
The wight hits you with a +3 flail.
* * * LOW HITPOINT WARNING * * *
You feel drained.
* * * LOW HITPOINT WARNING * * *
You hit the wight but do no damage.
The wight is heavily damaged.
You block the wight's attack. The wight attacks as you move away!
You block the wight's attack.
There is a stone staircase leading up here.
You block the wight's attack.
You climb upwards.
There is a stone staircase leading down here.
You can't see any enemies this would affect, really read the scroll of fear? [Y]es or [N]o only, please.
You can't see any enemies this would affect, really read the scroll of fear?
Okay, then.
You are confused.
You feel invigorated. The wight barely misses you.
You're too confused to move!
The wight hits you with a +3 flail!
* * * LOW HITPOINT WARNING * * *
The wight attacks as you move away! The wight hits you with a +3 flail.
You die...

#.......#........####......
#.......#...........#......
#.......#..................
#######.#.............#####
######### #.#.............#
#.......# #.####..........#
#.......# #...#..######...#
##.......######.z...# #####
................@...#######
.........#.....#....#.....#######
...#####.........................
...# #.#.........##.....#######
.### #.######....########
.#######.# #..<.# .........#
#....# ########## #....# ######


You could see a wight.

Vanquished Creatures
  An ogre (D:4)
  A phantom (D:5)
  A wight (D:6)
  A howler monkey (D:5)
  2 hounds
  A jelly (D:5)
  2 iguanas (D:5)
  An orc wizard (D:5)
  3 gnolls (D:5)
  8 adders
  A white imp (D:4)
  3 worms
  2 dart slugs
  8 orcs
  2 bats
  6 endoplasms
  4 giant cockroaches
  4 goblins
  7 hobgoblins
  12 jackals
  5 kobolds
  3 quokkas
  5 ball pythons (D:2)
  2 frilled lizards
  A goblin zombie (D:4)
  3 hobgoblin zombies (D:4)
  2 kobold zombies (D:4)
  3 orc skeletons (D:4)
  2 rats
96 creatures vanquished.

Notes
Turn   | Place    | Note
-------+----------+-------------------------------------------
     0 | D:1      | Okkudo the Hill Orc Monk began the quest for the Orb.
     0 | D:1      | Reached XP level 1. HP: 19/19 MP: 1/1
    47 | D:1      | Reached XP level 2. HP: 17/26 MP: 2/2
   117 | D:1      | Reached skill level 5 in Axes
   517 | D:1      | Reached XP level 3. HP: 29/31 MP: 3/3
  1028 | D:2      | Reached skill level 6 in Axes
  1257 | D:2      | Reached XP level 4. HP: 39/39 MP: 4/4
  1357 | D:2      | Found a shimmering altar of Xom.
  1681 | D:3      | Reached skill level 7 in Axes
  1839 | D:3      | Found a snail-covered altar of Cheibriados.
  2007 | D:3      | Reached XP level 5. HP: 45/45 MP: 5/5
  2236 | D:3      | Found a faded altar of an unknown god.
  2614 | D:4      | Found a glowing golden altar of the Shining One.
  2622 | D:4      | Reached skill level 8 in Axes
  3040 | D:4      | Noticed an ogre
  3053 | D:4      | Killed an ogre
  3054 | D:4      | Reached XP level 6. HP: 19/51 MP: 6/6
  3315 | D:4      | Found a sacrificial altar of Ru.
  3585 | D:5      | Entered Level 5 of the Dungeon
  3619 | D:5      | Reached skill level 9 in Axes
  3866 | D:5      | Reached skill level 10 in Axes
  3866 | D:5      | Reached XP level 7. HP: 56/57 MP: 7/7
  4400 | D:6      | Reached skill level 11 in Axes
  4409 | D:5      | Slain by a wight

Illustrated notes

Levels and vault maps discovered:
D:1:      minmay_arrival_solitary_statue, layout_loops_ring
D:2:      layout_basic, basic_altar, st_stairs_10
D:3:      layout_rooms, cheibrodos_worm_habitat,
          ebering_ecumenical_altar_abandoned
D:4:      layout_layer_cave, nicolae_ru_path_of_blood,
          nicolae_tso_besieged_by_evil
D:5:      layout_basic
D:6:      layout_loops_cross, minmay_temple_entry_large_hall

Skill      XL: |  1  2  3  4  5  6  7 |
---------------+----------------------+-----
Axes           | 5 6 7 8 10 11 | 11.0
Fighting       | |  3.6
Dodging        | |  2.4

Action                     |  1- 3 |  4- 6 |  7- 9 || total
---------------------------+-------+-------+-------++-------
  Melee: Hand axe          |    99 |   253 |    71 ||   423
  Throw: Dart              |     1 |     6 |       ||     7
    Use: Scroll            |       |     6 |       ||     6
         Potion            |       |       |     1 ||     1
   Stab: Sleeping          |       |     1 |       ||     1
 Armour: Ring mail         |     3 |       |       ||     3
         Robe              |     1 |       |       ||     1
         Scale mail        |    34 |    25 |       ||    59
         Leather armour    |       |    63 |    22 ||    85
  Dodge: Dodged            |    51 |    79 |    21 ||   151
  Block: Kite shield       |     2 |    88 |    24 ||   114
